 Dungeon Crawl Stone Soup version 0.30-a0-782-ge64f9170bb (console) character file.

Game seed: 16276272036430134444

708 utis the Ducker (level 7, -5/41 HPs)
             Began as a Tengu Wanderer on Feb 26, 2023.
             Slain by an iguana (11 damage)
             ... on level 5 of the Dungeon.
             The game lasted 00:18:45 (5628 turns).

utis the Ducker (Tengu Wanderer)                    Turns: 5628, Time: 00:18:45

Health: -5/41      AC:  7    Str:  9    XL:     7   Next: 67%
Magic:  8/11       EV: 15    Int: 14    God:
Gold:   216        SH:  0    Dex: 17    Spells: 9/10 levels left

rFire   . . .      SeeInvis .    a - +2 spear (flame)
rCold   . . .      Faith    .    (no shield)
rNeg    . . .      Spirit   .    i - +0 ring mail
rPois   .          Reflect  .    (helmet restricted)
rElec   .          Harm     .    r - +1 cloak {rCorr}
rCorr   +          Rampage  .    (no gloves)
Will    .....                    (boots unavailable)
Stlth   +                        (no amulet)
HPRegen 0.26/turn                (no ring)
MPRegen 0.12/turn                (no ring)

@: mighty, flying quickly and evasively, quick
A: beak, talons 3, nimble flight
a: no special abilities


You were on level 5 of the Dungeon.
You visited 1 branch of the dungeon, and saw 5 of its levels.

You collected 216 gold pieces.

Inventory:

Hand Weapons
 a - a +2 spear of flaming (weapon)
 b - a +0 sling
 k - a +0 dagger
 n - a +0 spear
 H - a +1 halberd
 L - a +0 falchion
Missiles
 h - 46 stones
 D - 3 datura-tipped darts
 E - 6 poisoned darts
 K - 3 throwing nets {=f}
Armour
 e - a +0 leather armour
 i - a +0 ring mail (worn)
 r - a +1 cloak of preservation (worn)
 C - a +0 buckler
 G - the +1 robe "Maujecok" {rElec rC- SInv Stlth+}
   (You found it on level 4 of the Dungeon)

   rC:        It makes you vulnerable to cold.
   rElec:     It insulates you from electricity.
   SInv:      It lets you see invisible.
   Stlth:     It makes you more stealthy.
Jewellery
 g - an amulet of regeneration {@e1}
Wands
 w - a wand of paralysis (4)
 y - a wand of flame (17)
 I - a wand of iceblast (11)
Scrolls
 c - a scroll of fog
 f - a scroll of amnesia
 m - a scroll of vulnerability
 A - a scroll of silence {!r}
Potions
 d - a potion of invisibility
 l - a potion of might
 o - a potion of degeneration {unknown}
 p - a potion of lignification {unknown}
 u - a potion of magic {unknown}
 v - 2 potions of attraction {unknown}
 x - 3 potions of curing {unknown}
 z - a potion of ambrosia {unknown}
 F - a potion of brilliance {unknown}


   Skills:
 + Level 3.4 Fighting
 - Level 1.1 Armour
 + Level 6.3 Dodging
 - Level 1.0 Stealth
 - Level 2.0 Spellcasting
 + Level 2.3 Transmutations
 - Level 4.0 Poison Magic
 - Level 3.0 Evocations


You had 9 spell levels left.
You knew the following spells:

 Your Spells              Type           Power      Damage    Failure   Level
z - Sting                 Tmut/Pois      40%        1d5       19%         1

Your spell library contained the following spells:

 Spells                   Type           Power      Damage    Failure   Level
 Spider Form              Tmut/Pois      10%        N/A       47%         3
 Apportation              Tloc           2%         N/A       54%         1
 Alistair's Intoxication  Tmut/Pois      6%         N/A       99%         5


Dungeon Overview and Level Annotations

Branches:
Dungeon (5/15)             Temple (0/1) D:5

Altars:
Elyvilon
Ru
Yredelemnul
The Shining One


Innate Abilities, Weirdness & Mutations

You have a beak for a mouth.
You have claws for feet.
Your magical nature lets you fly swiftly and evasively.


Message History

The sting hits the orc priest.
The orc priest is poisoned.
The orc priest is lightly wounded.
The sting misses the orc priest.
The orc priest calls down the wrath of Beogh upon you.
Beogh smites you!
The sting hits the orc priest.
The orc priest looks even sicker.
The orc priest is moderately wounded.
The orc priest calls down the wrath of Beogh upon you.
You struggle to resist.
The orc priest hits you with a +0 dagger.
The iguana bites the plant!
The plant begins to die.
You hit the orc priest. You burn the orc priest. You claw the orc priest.
You kill the orc priest!
The orc priest hits you with a +0 hand axe.
The iguana bites the plant!
You hit the orc priest but do no damage.
Your kick misses the orc priest.
You peck the orc priest, but do no damage.
The orc priest closely misses you.
The iguana bites the plant.
You barely miss the orc priest. Your kick misses the orc priest.
The orc priest closely misses you.
The iguana bites the plant.
You barely miss the orc priest. The orc priest completely misses you.
The iguana bites the plant!
You hit the orc priest but do no damage.
A nearby plant withers and dies.
The orc priest mumbles some strange prayers to Beogh against you.
Beogh smites you!
* * * LOW HITPOINT WARNING * * *
You hit the orc priest. You burn the orc priest.
Your kick misses the orc priest.
You peck the orc priest, but do no damage.
The orc priest is lightly wounded.
You hit the orc priest but do no damage.
The orc priest is lightly wounded.
The orc priest misses you. The iguana bites you!
* * * LOW HITPOINT WARNING * * *
It was a potion of might.
You feel very mighty all of a sudden.
The orc priest hits you but does no damage.
The iguana bites you!
You die...

,,,,,,,,,,l.,........+,,....,*░░+
,,,,,,,,,,,.,,⚶.⚶....░,,.....░░..
+******░+░░░.▒▒.▒▒...░,,.........
,,* *....░.▒...▒⚶..░+░░░░░░░░..
,,* *.o.oo...>........).....░'░
,,* *,,,,░⚶▒...▒⚶...........░..
,** *,,,,░.▒▒.▒▒............░..
** *,,,,░...l⚶.............░..
*,***░..ooQ....░░'░░....░..
*,,,,░.....░░░░░...░....░..
*,,,,░.....░..░....'....'..
*,,,,░.....░..'....░....░..
*****░.....░░░░░░░░░....░░░
░░░░░░░ ░░░░░░


You could see an iguana, an orc priest and an orc.

Vanquished Creatures
  Sigmund (D:4)
  A centaur (D:4)
  A phantom (D:4)
  2 scorpions
  A hound (D:4)
  An orc priest (D:5)
  Crazy Yiuf (D:2)
  4 gnolls
  5 adders
  2 worms
  4 dart slugs
  6 orcs
  4 endoplasms
  4 giant cockroaches
  8 goblins
  13 hobgoblins
  6 jackals
  2 quokkas
  4 ball pythons
  6 bats
  A frilled lizard (D:3)
  5 kobolds
  8 rats
90 creatures vanquished.

Vanquished Creatures (others)
  3 fungi (D:2)
  12 plants
15 creatures vanquished.

Grand Total: 105 creatures vanquished

Notes
Turn   | Place    | Note
-------+----------+-------------------------------------------
     0 | D:1      | utis the Tengu Wanderer began the quest for the Orb.
     0 | D:1      | utis set off with the following items: a +0 dagger, 3
                  | throwing nets {=f}, a scroll of fog, a potion of
                  | invisibility, a +0 leather armour; and the following spell
                  | memorised: Sting; and the following spells available to
                  | memorise: Spider Form.
     0 | D:1      | Reached XP level 1. HP: 12/12 MP: 3/3
   752 | D:1      | Reached skill level 1 in Poison Magic
   752 | D:1      | Reached XP level 2. HP: 16/16 MP: 2/4
  1070 | D:2      | Reached XP level 3. HP: 20/20 MP: 1/5
  1291 | D:2      | Found a faded altar of an unknown god.
  1833 | D:2      | Reached XP level 4. HP: 25/25 MP: 4/6
  2338 | D:2      | Found a runed translucent door.
  2339 | D:2      | Noticed Crazy Yiuf
  2478 | D:2      | Found a white marble altar of Elyvilon.
  2659 | D:2      | Killed Crazy Yiuf
  2660 | D:2      | Reached skill level 5 in Dodging
  2660 | D:2      | Gained mutation: Your magical nature lets you fly swiftly
                  | and evasively. [Tengu growth]
  2660 | D:2      | Reached XP level 5. HP: 27/29 MP: 3/8
  3121 | D:3      | Found a glowing golden altar of the Shining One.
  3417 | D:3      | Found a basalt altar of Yredelemnul.
  3421 | D:3      | Found a sacrificial altar of Ru.
  3931 | D:4      | Noticed a centaur
  3940 | D:4      | Reached skill level 1 in Evocations
  3946 | D:4      | Killed a centaur
  3947 | D:4      | Reached XP level 6. HP: 17/35 MP: 6/10
  4037 | D:4      | Identified the +1 robe "Maujecok" {rElec rC- SInv Stlth+}
  4565 | D:4      | Noticed Sigmund
  4611 | D:4      | Killed Sigmund
  4612 | D:4      | Reached skill level 6 in Dodging
  4612 | D:4      | Reached XP level 7. HP: 32/41 MP: 1/11
  5320 | D:5      | Entered Level 5 of the Dungeon
  5594 | D:5      | Found a staircase to the Ecumenical Temple.
  5628 | D:5      | Slain by an iguana

Illustrated notes

Levels and vault maps discovered:
D:1:      dpeg_arrival_radiant, layout_basic
D:2:      layout_basic, shapermc_ecumenical_altar_mp_urbaneastern, basic_altar,
          uniq_crazy_yiuf_cottage
D:3:      layout_loops_ring, minitemple, nicolae_tso_carved_into_rock
D:4:      cheibrodos_barr_body, layout_basic, uniq_sigmund
D:5:      layout_gridville, minmay_temple_entry_gardened_gates, uniq_duvessa

Skill      XL: |  1  2  3  4  5  6  7 |
---------------+----------------------+-----
Poison Magic   | 1 2 3 4 |  4.0
Transmutations | 2 |  2.3
Dodging        | 5 6 |  6.3
Spellcasting   | 2 |  2.0
Evocations     | 1 2 3 |  3.0
Fighting       | 2 3 |  3.4
Armour         | |  1.1
Stealth        | |  1.0

Action                     |  1- 3 |  4- 6 |  7- 9 || total
---------------------------+-------+-------+-------++-------
  Melee: Falchion          |     8 |    82 |     1 ||    91
         Kick              |     4 |    22 |     6 ||    32
         Peck              |     3 |    10 |     7 ||    20
         Punch             |       |     2 |       ||     2
         Halberd           |       |       |    22 ||    22
         Spear             |       |       |    10 ||    10
   Fire: Sling             |    13 |    15 |       ||    28
   Cast: Sting             |    38 |    73 |    10 ||   121
    Use: Scroll            |       |       |     9 ||     9
         Potion            |       |       |     1 ||     1
 Armour: Leather armour    |     7 |     3 |       ||    10
         Ring mail         |       |    34 |     8 ||    42
  Dodge: Dodged            |    21 |    91 |    21 ||   133

Table legend: (Time is in decaauts)
 A = Elapsed time spent in this place.
 B = Non-inter-level travel time spent in this place.
 C = Inter-level travel time spent in this place.
 D = Time resting spent in this place.
 E = Time spent auto-exploring this place.
 F = Levels seen in this place.
 G = Mean time per level.
                   A        B        C        D        E       F      G
               +--------+--------+--------+--------+--------+-----+--------+
         Total |   5494 |   5160 |    334 |   1383 |   2858 |   5 | 1098.8 |
       Dungeon |   5494 |   5160 |    334 |   1383 |   2858 |   5 | 1098.8 |
               +--------+--------+--------+--------+--------+-----+--------+

Top non-repeatable levels by time:
     D:2: 1848 daAuts
     D:4: 1529 daAuts
     D:3: 1025 daAuts
     D:1: 919 daAuts
     D:5: 171 daAuts
